 Dungeon Sprint DCSS version 0.30-a0-1043-g60ff8d5f49 (webtiles) character file.

Game seed: 141260152000757218

9000000 Danienth the Conqueror (level 27, -1/273 HPs)
             Began as a Ghoul Monk on Apr 10, 2023.
             Was the Champion of Makhleb.
             Killed by dispel undead
             ... invoked by a wretched soul
              (100 damage)
             ... in the Dungeon (Sprint VIII: "Arena of Blood").
             The game lasted 00:08:03 (90 turns).

Danienth the Conqueror (Ghoul Monk)                   Turns: 90, Time: 00:08:06

Health: -1/273     AC:  3    Str: 19    XL:     27
Magic:  29/46      EV: 34    Int:  5    God:    Makhleb [******]
Gold:   0          SH:  0    Dex: 21    Spells: 66/66 levels left

rFire   . . .      SeeInvis +    f - +∞ Axe of Woe
rCold   + . .      Faith    .    (shield currently unavailable)
rNeg    + + +      Spirit   .    b - +0 robe
rPois   ∞          Reflect  .    (no helmet)
rElec   .          Rampage  .    (no cloak)
rCorr   .          NoTele   +    (no gloves)
Will    ++...                    (no boots)
Stlth   ++++++++++               (no amulet)
HPRegen 0.00/turn                i - +200 ring of slaying
MPRegen 0.30/turn                j - ring of see invisible

@: inhibited regen
A: claws 1, cold resistance 1, negative energy resistance 3, inhibited
regeneration, torment resistance 2, devour on kill
a: Renounce Religion, Minor Destruction, Lesser Servant of Makhleb, Major
Destruction, Greater Servant of Makhleb


You were in the Dungeon.
You worshipped Makhleb.
Makhleb was exalted by your worship.
You visited 1 branch

Inventory:

Hand Weapons
 a - a +0 hand axe
 f - the +∞ Axe of Woe (weapon)
   (You found it in the Dungeon)
Armour
 b - a +0 robe (worn)
Jewellery
 i - a +200 ring of slaying (left claw)
 j - a ring of see invisible (right claw)
Scrolls
 h - a scroll of blinking
Potions
 c - a potion of ambrosia
 d - a potion of curing
 e - a potion of heal wounds
 g - 2 potions of magic


   Skills:
 O Level 27 Fighting
 + Level 21.8(25.3) Short Blades
 + Level 21.8(25.3) Long Blades
 O Level 27 Axes
 + Level 21.9(27) Maces & Flails
 + Level 21.9(27) Polearms
 + Level 21.8(27) Staves
 + Level 21.8 Ranged Weapons
 + Level 21.9 Throwing
 + Level 21.9 Armour
 O Level 27 Dodging
 O Level 27 Stealth
 + Level 21.9 Shields
 + Level 25.4 Unarmed Combat
 + Level 20.2 Spellcasting
 + Level 20.4 Conjurations
 + Level 22.2 Hexes
 + Level 21.9 Summonings
 + Level 23.6 Necromancy
 + Level 21.9 Translocations
 + Level 22.0 Transmutations
 + Level 20.4 Fire Magic
 + Level 25.6 Ice Magic
 + Level 20.3 Air Magic
 + Level 25.6 Earth Magic
 + Level 26.0 Poison Magic
 O Level 27 Invocations
 + Level 24.1 Evocations


You had 66 spell levels left.
You didn't know any spells.
Your spell library was empty.

Dungeon Overview and Level Annotations

Branches:
Dungeon (1/1)

Altars:
Makhleb


Innate Abilities, Weirdness & Mutations

You are immune to poison.
You have sharp fingernails.
Your flesh is cold resistant. (rC+)
You are immune to negative energy. (rN+++)
You do not regenerate when monsters are visible.
You are immune to unholy pain and torment.
You thrive by killing the living.


Message History

Your Earth Magic skill increases to level 25!
The tyrant shouts!
You slice the bag of meat!!
You butcher the bag of meat messily.
You kill the bag of meat!
Makhleb accepts your kill.
You feel better.
You carve the wretched soul like a ham!!!
You chop the wretched soul into pieces.
You destroy the wretched soul!
Makhleb accepts your kill.
You feel better.
A meat beast comes into view.
You hear a shout! x6
Your Evocations skill increases to level 24!
The meat beast hisses angrily.
You carve the bag of meat like a ham!!!!!
You hew the bag of meat savagely.
You kill the bag of meat!
Makhleb accepts your kill.
You hear a shout!
A meat berserker comes into view. It is wielding a +9 battleaxe.
You hear a shout! x2
A meat berserker comes into view. It is wielding a +9 battleaxe.
You hear a shout!
You convulse!
Ouch! That really hurt!
The tyrant waves its bony arms in wide circles.
The air twists around and strikes you!!!
* * * LOW HITPOINT WARNING * * *
You hear a shout! x4
Your Transmutations skill increases to level 22!
Your Poison Magic skill increases to level 26!
You slice the bag of meat like a ripe choko!!!!!
You butcher the bag of meat messily.
You kill the bag of meat!
Makhleb accepts your kill.
You feel better.
You hear a shout! x5
You convulse!
You die...

#################
####...............##
#..........)).)......
........##)##.#####..
...........))oD......
.####..)).##)##......
#......))..@)oo......
.#...O.).).)#o#......
#......)).......o..#
..#..O..))W).........
...#....)2).........§
.........))..........
.........L...........
......#.......#....
#.....#.))....# .


You could see a meat beast (fast), a tyrant, an eight-headed meat hydra, 2 meat
berserkers, a wretched soul (invisible) and 4 bags of meat.

Vanquished Creatures
  2 hell beasts (D)
  4 royal mummies (D)
  A wraith (D)
  10 vampire knights (D)
  15 ogres (D)
  3 two-headed ogres (D)
  2 liches (D)
  A hydra (D)
  3 phantoms (D)
  44 orcs (D)
  4 skeletal warriors (D)
89 creatures vanquished.

Notes
Turn   | Place    | Note
-------+----------+-------------------------------------------
     0 | D        | Found the +∞ Axe of Woe
     0 | D        | Danienth the Ghoul Monk began the quest for the Orb.
     0 | D        | Reached XP level 1. HP: 19/19 MP: 0/0
     4 | D        | Became a worshipper of Makhleb the Destroyer
     4 | D        | Reached * piety under Makhleb
     4 | D        | Reached ** piety under Makhleb
     6 | D        | Noticed a bag of meat
     7 | D        | Noticed a bag of meat
     7 | D        | Noticed a bag of meat
     7 | D        | Noticed a meat berserker
     7 | D        | Noticed a meat berserker
     7 | D        | Noticed a bag of meat
     8 | D        | Noticed a meat berserker
     8 | D        | Noticed a meat berserker
     8 | D        | Noticed a meat berserker
     9 | D        | Noticed a bag of meat
    10 | D        | Killed a meat berserker
    10 | D        | Noticed a bag of meat
    10 | D        | Noticed a bag of meat
    10 | D        | Noticed a bag of meat
    11 | D        | Reached skill level 15 in Dodging
    11 | D        | Reached XP level 2. HP: 53/53 MP: 1/1
    11 | D        | Reached XP level 3. HP: 60/60 MP: 2/2
    11 | D        | Reached XP level 4. HP: 69/69 MP: 3/3
    11 | D        | Reached XP level 5. HP: 75/75 MP: 4/4
    11 | D        | Reached XP level 6. HP: 83/83 MP: 5/5
    11 | D        | Reached XP level 7. HP: 91/91 MP: 6/6
    11 | D        | Reached XP level 8. HP: 99/99 MP: 7/7
    11 | D        | Reached XP level 9. HP: 105/105 MP: 8/8
    11 | D        | Reached XP level 10. HP: 114/114 MP: 9/9
    11 | D        | Reached XP level 11. HP: 121/121 MP: 10/10
    11 | D        | Reached XP level 12. HP: 128/128 MP: 11/11
    11 | D        | Killed a bag of meat
    11 | D        | Noticed a bag of meat
    11 | D        | Noticed a bag of meat
    12 | D        | Killed a bag of meat
    12 | D        | Killed a meat berserker
    12 | D        | Reached *** piety under Makhleb
    12 | D        | Noticed a bag of meat
    12 | D        | Noticed a bag of meat
    12 | D        | Noticed a bag of meat
    13 | D        | Reached XP level 13. HP: 148/148 MP: 12/12
    13 | D        | Reached XP level 14. HP: 157/157 MP: 13/13
    13 | D        | Killed a meat berserker
    13 | D        | Killed a meat berserker
    13 | D        | Killed a meat berserker
    13 | D        | Reached **** piety under Makhleb
    14 | D        | Reached skill level 27 in Fighting
    14 | D        | Reached XP level 15. HP: 174/174 MP: 14/14
    15 | D        | Noticed a large bag of meat
    19 | D        | Reached XP level 16. HP: 183/183 MP: 15/15
    20 | D        | Noticed a large bag of meat
    20 | D        | Reached ***** piety under Makhleb
    21 | D        | Reached skill level 27 in Axes
    21 | D        | Reached skill level 15 in Stealth
    22 | D        | Noticed a destroyer
    23 | D        | Reached skill level 27 in Dodging
    23 | D        | Reached XP level 17. HP: 191/191 MP: 16/16
    23 | D        | Noticed a destroyer
    25 | D        | Reached skill level 27 in Stealth
    26 | D        | Noticed a large bag of meat
    26 | D        | Noticed a destroyer
    27 | D        | Noticed a large bag of meat
    27 | D        | Reached ****** piety under Makhleb
    28 | D        | Reached skill level 5 in Short Blades
    28 | D        | Reached skill level 5 in Long Blades
    28 | D        | Reached skill level 5 in Maces & Flails
    28 | D        | Reached skill level 5 in Polearms
    28 | D        | Reached skill level 5 in Staves
    28 | D        | Reached skill level 5 in Ranged Weapons
    28 | D        | Reached skill level 5 in Throwing
    28 | D        | Reached skill level 5 in Armour
    28 | D        | Reached skill level 5 in Shields
    28 | D        | Reached skill level 5 in Hexes
    28 | D        | Reached skill level 5 in Summonings
    28 | D        | Reached skill level 5 in Necromancy
    28 | D        | Reached skill level 5 in Translocations
    28 | D        | Reached skill level 5 in Transmutations
    28 | D        | Reached skill level 5 in Evocations
    28 | D        | Reached XP level 18. HP: 200/200 MP: 16/24
    30 | D        | Reached skill level 5 in Spellcasting
    30 | D        | Reached skill level 5 in Conjurations
    30 | D        | Reached skill level 5 in Fire Magic
    30 | D        | Reached skill level 5 in Air Magic
    30 | D        | Noticed an eight-headed meat hydra
    30 | D        | Killed a destroyer
    31 | D        | Reached XP level 19. HP: 207/207 MP: 16/28
    31 | D        | Noticed a meat berserker
    32 | D        | Reached skill level 10 in Poison Magic
    32 | D        | Reached skill level 10 in Invocations
    33 | D        | Reached skill level 10 in Unarmed Combat
    33 | D        | Reached skill level 10 in Ice Magic
    33 | D        | Reached skill level 10 in Earth Magic
    33 | D        | Killed a destroyer
    33 | D        | Killed a large bag of meat
    33 | D        | Killed a destroyer
    33 | D        | Noticed a destroyer
    34 | D        | Reached skill level 10 in Short Blades
    34 | D        | Reached skill level 10 in Long Blades
    34 | D        | Reached skill level 10 in Maces & Flails
    34 | D        | Reached skill level 10 in Polearms
    34 | D        | Reached skill level 10 in Staves
    34 | D        | Reached skill level 10 in Ranged Weapons
    34 | D        | Reached skill level 10 in Throwing
    34 | D        | Reached skill level 10 in Armour
    34 | D        | Reached skill level 10 in Shields
    34 | D        | Reached skill level 10 in Hexes
    34 | D        | Reached skill level 10 in Summonings
    34 | D        | Reached skill level 10 in Translocations
    34 | D        | Reached skill level 10 in Transmutations
    34 | D        | Reached XP level 20. HP: 187/216 MP: 16/32
    35 | D        | Noticed a meat berserker
    36 | D        | Killed a nine-headed meat hydra
    37 | D        | Noticed a destroyer
    41 | D        | Reached skill level 10 in Spellcasting
    41 | D        | Reached skill level 10 in Conjurations
    41 | D        | Reached skill level 10 in Fire Magic
    41 | D        | Reached skill level 10 in Air Magic
    41 | D        | Reached XP level 21. HP: 224/224 MP: 17/34
    41 | D        | Killed a destroyer
    41 | D        | Noticed a destroyer
    43 | D        | Reached skill level 15 in Invocations
    43 | D        | Noticed a destroyer
    43 | D        | Killed a large bag of meat
    43 | D        | Killed a large bag of meat
    44 | D        | Killed a destroyer
    44 | D        | Killed a meat berserker
    44 | D        | Noticed a tyrant
    45 | D        | Reached skill level 15 in Unarmed Combat
    45 | D        | Reached skill level 15 in Ice Magic
    45 | D        | Reached skill level 15 in Earth Magic
    45 | D        | Reached skill level 15 in Poison Magic
    45 | D        | Reached XP level 22. HP: 217/233 MP: 18/36
    46 | D        | Killed a destroyer
    47 | D        | Noticed an accursed
    48 | D        | Killed a destroyer
    49 | D        | Reached skill level 15 in Necromancy
    49 | D        | Reached skill level 15 in Evocations
    52 | D        | Noticed an accursed
    55 | D        | Killed an accursed
    56 | D        | Reached XP level 23. HP: 225/240 MP: 19/39
    57 | D        | Reached skill level 15 in Hexes
    57 | D        | Noticed an accursed
    62 | D        | Killed an accursed
    63 | D        | Reached skill level 15 in Short Blades
    63 | D        | Reached skill level 15 in Long Blades
    63 | D        | Reached skill level 15 in Maces & Flails
    63 | D        | Reached skill level 15 in Polearms
    63 | D        | Reached skill level 15 in Staves
    63 | D        | Reached skill level 15 in Ranged Weapons
    63 | D        | Reached skill level 15 in Throwing
    63 | D        | Reached skill level 15 in Armour
    63 | D        | Reached skill level 15 in Shields
    63 | D        | Reached skill level 15 in Summonings
    63 | D        | Reached skill level 15 in Translocations
    63 | D        | Reached skill level 15 in Transmutations
    63 | D        | Noticed a destroyer
    63 | D        | Noticed a destroyer
    65 | D        | Reached XP level 24. HP: 179/249 MP: 22/40
    65 | D        | Killed a destroyer
    65 | D        | Noticed a tyrant
    65 | D        | Noticed a meat beast
    66 | D        | Killed a destroyer
    66 | D        | Noticed an accursed
    67 | D        | Reached skill level 15 in Spellcasting
    67 | D        | Reached skill level 15 in Conjurations
    67 | D        | Reached skill level 15 in Fire Magic
    67 | D        | Reached skill level 15 in Air Magic
    67 | D        | Noticed a dread
    68 | D        | Killed an accursed
    68 | D        | Killed a tyrant
    69 | D        | Reached XP level 25. HP: 233/257 MP: 23/42
    69 | D        | Killed a meat beast
    71 | D        | Killed a dread
    71 | D        | Noticed a meat beast
    72 | D        | Reached XP level 26. HP: 266/266 MP: 24/43
    73 | D        | Killed an accursed
    74 | D        | Killed a tyrant
    76 | D        | Killed a meat beast
    76 | D        | Noticed a meat beast
    77 | D        | Reached XP level 27. HP: 273/273 MP: 25/44
    81 | D        | Noticed a destroyer
    84 | D        | Killed a destroyer
    85 | D        | Reached skill level 27 in Invocations
    88 | D        | Noticed a tyrant
    88 | D        | Noticed a meat beast
    90 | D        | Killed from afar by a wretched soul

Illustrated notes

Levels and vault maps discovered:
D:        meatsprint

Skill      XL: |  1  2  3  4  5  6  7  8  9 10 11 12 13 14 15 16 17 18 19 20 21 22 23 24 25 26 27 |
---------------+----------------------------------------------------------------------------------+-----
Fighting       | 18 23 27 | 27.0
Axes           | 16 20 24 26 27 | 27.0
Dodging        | 15 19 22 23 27 | 27.0
Stealth        | 7 9 11 12 22 27 | 27.0
Short Blades   | 5 7 10 12 14 15 17 18 20 21 | 21.8
Long Blades    | 5 7 10 12 14 15 17 18 20 21 | 21.8
Maces & Flails | 5 7 10 12 14 15 17 18 20 21 | 21.9
Polearms       | 5 7 10 12 14 15 17 18 20 21 | 21.9
Staves         | 5 7 10 12 14 15 17 18 20 21 | 21.8
Ranged Weapons | 5 7 10 12 14 15 17 18 20 21 | 21.8
Throwing       | 5 7 10 12 14 15 17 18 20 21 | 21.9
Armour         | 5 7 10 12 14 15 17 18 20 21 | 21.9
Shields        | 5 7 10 12 14 15 17 18 20 21 | 21.9
Unarmed Combat | 6 8 12 15 17 18 20 22 23 25 | 25.4
Spellcasting   | 4 6 9 10 11 13 14 16 17 18 20 | 20.2
Conjurations   | 4 6 9 10 11 13 14 16 17 19 20 | 20.4
Hexes          | 5 7 10 11 13 14 16 17 19 20 22 | 22.2
Summonings     | 5 7 10 12 14 15 17 18 20 21 | 21.9
Necromancy     | 5 8 11 13 15 17 18 20 22 23 | 23.6
Translocations | 5 7 10 12 14 15 17 18 20 21 | 21.9
Transmutations | 5 7 10 12 14 15 17 18 20 22 | 22.0
Fire Magic     | 4 6 9 10 11 13 14 16 17 19 20 | 20.4
Ice Magic      | 6 8 12 15 17 18 20 22 23 25 | 25.6
Air Magic      | 4 6 9 10 11 13 14 16 17 18 20 | 20.3
Earth Magic    | 6 8 12 15 17 18 20 22 23 25 | 25.6
Poison Magic   | 6 9 12 13 15 17 18 20 22 24 26 | 26.0
Invocations    | 7 9 13 14 16 19 20 22 24 26 27 | 27.0
Evocations     | 5 8 11 12 14 16 17 19 20 22 24 | 24.1

Action                     |  1- 3 |  4- 6 |  7- 9 | 10-12 | 13-15 | 16-18 | 19-21 | 22-24 | 25-27 || total
---------------------------+-------+-------+-------+-------+-------+-------+-------+-------+-------++-------
  Melee: Executioner's axe |     1 |       |       |     2 |     2 |     7 |     9 |    11 |    18 ||    50
    Use: Potion            |     1 |       |       |       |       |       |       |       |       ||     1
  Dodge: Dodged            |       |       |       |       |       |       |       |     3 |     1 ||     4

Table legend: (Time is in decaauts)
 A = Elapsed time spent in this place.
 B = Non-inter-level travel time spent in this place.
 C = Inter-level travel time spent in this place.
 D = Time resting spent in this place.
 E = Time spent auto-exploring this place.
 F = Levels seen in this place.
 G = Mean time per level.
                   A        B        C        D        E       F      G
               +--------+--------+--------+--------+--------+-----+--------+
         Total |     66 |     65 |      1 |      0 |      0 |   1 |   66.0 |
       Dungeon |     66 |     65 |      1 |      0 |      0 |   1 |   66.0 |
               +--------+--------+--------+--------+--------+-----+--------+

Top non-repeatable levels by time:
       D: 66 daAuts
